 Dungeon Crawl Stone Soup version 0.20-a0-893-g832831a (webtiles) character file.

970 4thArraOfDagon the Slasher (level 8, -22/72 HPs)
             Began as a Naga Chaos Knight on Mar 17, 2017.
             Annihilated by a komodo dragon (40 damage)
             ... on level 8 of the Dungeon.
             The game lasted 00:10:04 (1651 turns).

4thArraOfDagon the Slasher (Naga Chaos Knight)      Turns: 1651, Time: 00:10:05

Health: -22/72     AC: -1    Str: 12    XL:     8   Next: 16%
Magic:  17/17      EV: 10    Int: 16    God:    Xom [.*....]
Gold:   211        SH:  0    Dex: 10    Spells: 7/7 levels left

rFire    . . .     SeeInvis +   a - +0 falchion (chaos)
rCold    . . .     Gourm    .   b - +2 leather armour
rNeg     . . .     Faith    .   (no shield)
rPois    +         Spirit   .   (no helmet)
rElec    .         Reflect  .   (no cloak)
rCorr    .         Harm     +   (no gloves)
MR       +....                  (no barding)
Stlth    +.........             k - amulet of harm
Regen    0.3/turn               (no ring)
MPRegen  0.2/turn               r - ring of magical power

@: corroded, very slow
A: stinger 1, see invisible, deformed body, high mp 1, poison resistance,
slowness 2, slow metabolism 1, spit poison 2, weak 1, AC +2
a: Breathe Poison Gas, Renounce Religion


You were on level 8 of the Dungeon.
You worshipped Xom.
You were a plaything of Xom.
You were not hungry.

You visited 1 branch of the dungeon, and saw 8 of its levels.

You collected 211 gold pieces.

Inventory:

Hand Weapons
 a - a +0 falchion of chaos (weapon)
 p - a +2 falchion of electrocution
Missiles
 g - a throwing net (quivered)
Armour
 b - a +2 leather armour (worn)
Jewellery
 k - an amulet of harm (around neck)
 r - a ring of magical power (left hand)
 w - an uncursed ring of ice
Scrolls
 d - 2 scrolls of teleportation {unknown}
 f - 2 scrolls of remove curse {unknown}
 h - a scroll of enchant weapon
 i - a scroll of fog {unknown}
 j - 5 scrolls of identify {unknown}
 n - a scroll of immolation {unknown}
 o - 2 scrolls of amnesia {unknown}
Potions
 e - a potion of degeneration
 q - 2 potions of berserk rage
 t - a potion of invisibility {unknown}
 v - a potion of flight {unknown}
Comestibles
 c - 2 bread rations
 l - 4 fruits
 m - 2 royal jellies
 s - a meat ration


   Skills:
 + Level 4.1 Fighting
 - Level 6.4 Long Blades
 + Level 4.0 Armour
 + Level 3.8 Dodging


You had 7 spell levels left.
You didn't know any spells.

Dungeon Overview and Level Annotations

Branches:
Dungeon (8/15)
 Temple: D:4-7         Lair: D:8-11

Altars:
Cheibriados
Dithmenos
Trog
Zin

Shops:
D:4 (   D:5 (

Annotations:
D:3 nikopol's ghost, amateur BaBe
D:4 Pikel


Innate Abilities, Weirdness & Mutations

You cannot wear boots.
Your serpentine skin is tough. (AC +2)
You have supernaturally acute eyesight. (SInv)
Armour fits poorly on your strangely shaped body.
Your system is resistant to poisons. (rPois)
You cover ground very slowly.
You have a slow metabolism.
You can exhale a cloud of poison.
Your tail ends in a poisonous barb.
You have an increased reservoir of magic. (+10% MP)
You are weak. (Str -2)


Message History

Unknown command.
Enter note: WHY Unknown command.
Unknown command.
Unknown command.
Unknown command.
Okay, then.
Unknown command.
Unknown command.
As you read the scroll labeled CYOMOJ EMEFUM, it crumbles to dust.
It is a scroll of enchant weapon.
Your +1 falchion of electrocution glows red for a moment.
The acid dragon spits acid at you. The splash of acid hits you!
The acid corrodes you!
You are splashed with acid!
The acid burns!
* * * LOW HITPOINT WARNING * * *
The komodo dragon bites you!!
Ouch! That really hurt!
You die...
Xom chortles!

... ###
#.#### #...@#
....#..lt# .
.........
.....D.....#
...#.....#...
##
#...##.##l.
#..# # .#.
### .


You could see a komodo dragon, a basilisk, a crocodile and an acid dragon.

Vanquished Creatures
  Edmund (D:5)
  Duvessa (D:5)
  3 slaves (D:4)
  An ogre (D:5)
  Blork the orc (D:5)
  A scorpion (D:4)
  Dowan (D:5)
  3 crimson imps
  2 orc priests
  A hound (D:6)
  2 orc wizards (D:4)
  Jessica (D:3)
  Natasha (thrice) (D:3)
  4 worker ants
  An adder (D:3)
  A shadow imp (D:5)
  3 worms
  A leopard gecko (D:4)
  12 orcs
  2 bats
  2 goblins (D:1)
  A hobgoblin (D:1)
  4 jackals (D:5)
  A quokka (D:4)
  3 frilled lizards
  4 kobolds
  6 rats
66 creatures vanquished.

Notes
Turn   | Place    | Note
-------+----------+-------------------------------------------
     0 | D:1      | 4thArraOfDagon the Naga Chaos Knight began the quest for the Orb.
     0 | D:1      | Reached XP level 1. HP: 21/21 MP: 1/1
   112 | D:1      | Reached XP level 2. HP: 28/28 MP: 2/2
   171 | D:1      | XOM: harmless Air miscast
   187 | D:2      | Reached skill level 1 in Dodging
   214 | D:2      | Found a bloodstained altar of Trog.
   315 | D:3      | Noticed Natasha
   325 | D:3      | Killed Natasha
   325 | D:3      | Reached XP level 3. HP: 30/34 MP: 3/3
   337 | D:3      | Noticed nikopol's ghost (amateur BaBe)
   399 | D:3      | Reached skill level 4 in Long Blades
   414 | D:3      | Noticed Natasha
   419 | D:3      | XOM: potion effect (agility)
   423 | D:3      | Gained mutation: You can exhale a cloud of poison. [potion of mutation]
   423 | D:3      | Gained mutation: You are weak. (Str -2) [potion of mutation]
   423 | D:3      | Gained mutation: Your tail ends in a poisonous barb. [potion of mutation]
   423 | D:3      | Gained mutation: You have an increased reservoir of magic. (+10% MP) [potion of mutation]
   429 | D:3      | Killed Natasha
   429 | D:3      | Reached XP level 4. HP: 12/42 MP: 4/4
   473 | D:3      | Noticed Natasha
   479 | D:3      | Killed Natasha
   500 | D:3      | Noticed Jessica
   502 | D:3      | XOM: silly message
   512 | D:3      | Reached XP level 5. HP: 18/49 MP: 5/5
   512 | D:3      | Killed Jessica
   583 | D:4      | Noticed a slave
   583 | D:4      | Noticed a slave
   587 | D:4      | Noticed a slave
   592 | D:4      | Killed a slave
   593 | D:4      | Noticed Pikel
   593 | D:4      | Killed a slave
   594 | D:4      | Killed a slave
   596 | D:4      | XOM: potion effect (agility)
   677 | D:4      | XOM: silly message
   713 | D:4      | Found a glowing silver altar of Zin.
   713 | D:4      | Found a shadowy altar of Dithmenos.
   735 | D:4      | Found Umevydgha's Weapon Shoppe.
   760 | D:5      | Entered Level 5 of the Dungeon
   790 | D:5      | XOM: smoke on damage
   793 | D:5      | XOM: potion effect (curing)
   796 | D:5      | XOM: cleaving
   861 | D:5      | Noticed an ogre
   870 | D:5      | Killed an ogre
   870 | D:5      | Reached skill level 5 in Long Blades
   870 | D:5      | Reached XP level 6. HP: 22/56 MP: 6/6
   895 | D:5      | Noticed Blork the orc
   902 | D:5      | XOM: enchant monster (good)
   921 | D:5      | Killed Blork the orc
   965 | D:5      | Noticed Edmund
   974 | D:5      | XOM: potion effect (invisibility)
   985 | D:5      | XOM: potion effect (heal wounds)
   992 | D:5      | XOM: potion effect (curing)
  1006 | D:5      | Killed Edmund
  1006 | D:5      | Reached skill level 6 in Long Blades
  1006 | D:5      | Reached XP level 7. HP: 39/62 MP: 7/7
  1126 | D:5      | Noticed Dowan
  1137 | D:5      | Killed Dowan
  1155 | D:5      | Noticed Duvessa
  1158 | D:5      | XOM: potion effect (haste)
  1159 | D:5      | XOM: confuse monster(s)
  1177 | D:5      | XOM: butterfly on damage
  1180 | D:5      | HP: 3/62 [Duvessa/short sword (9)]
  1181 | D:5      | Killed Duvessa
  1222 | D:5      | Found Ofiokhlo's Antique Weapon Emporium.
  1344 | D:4      | XOM: noise
  1379 | D:4      | XOM: harmless Air miscast
  1409 | D:4      | XOM: divination: magic mapping
  1578 | D:6      | Reached XP level 8. HP: 70/72 MP: 8/8
  1611 | D:6      | Found a snail-covered altar of Cheibriados.
  1650 | D:8      | Noticed a komodo dragon
  1651 | D:8      | WHY
  1651 | D:8      | Annihilated by a komodo dragon

Vault maps used:
D:1:      minmay_arrival_shattered_statue, minmay_pentomino_x4
D:2:      lemuel_zombie_altar_yredelemnul, nicolae_overflow_crystal_walls
D:3:      first_bread, uniq_natasha, uniq_jessica
D:4:      gammafunk_temple_overflow_wave, serial_shops,
          nicolae_shop_behind_doors, uniq_pikel
D:5:      serial_shops, kennysheep_little_box, uniq_edmund, uniq_blork_the_orc,
          uniq_duvessa
D:6:      nicolae_overflow_hidden_temple, minmay_temple_entry_large_hall,
          basic_altar, serial_park_tiny_2, fedhas_altar_2
D:8:      erik_lair_dragon, uniq_joseph, uniq_psyche

Skill      XL: |  1  2  3  4  5  6  7  8 |
---------------+-------------------------+-----
Dodging        | 1 2 3 |  3.8
Long Blades    | 4 5 6 |  6.4
Armour         | 2 3 4 |  4.0
Fighting       | 4 |  4.1

Action                   |  1- 3 |  4- 6 |  7- 9 || total
-------------------------+-------+-------+-------++-------
Melee: Falchion          |    57 |    70 |    66 ||   193
       Tailslap          |     1 |     7 |     6 ||    14
Throw: Throwing net      |       |       |     1 ||     1
 Abil: Spit Poison       |    14 |       |       ||    14
       Breathe Poison Ga |       |    11 |     8 ||    19
  Use: Potion            |     3 |     3 |       ||     6
       Scroll            |       |       |     1 ||     1
 Stab: Confused          |       |     1 |       ||     1
       Invisible         |       |     4 |       ||     4
  Eat: Chunk             |       |     3 |     3 ||     6
Armor: Leather armour    |    23 |    12 |    16 ||    51
Dodge: Dodged            |    30 |    33 |    26 ||    89
       Rpst.: Falchion   |    11 |     9 |    13 ||    33
